Map: 汇龙岛 - 天梯版

Players

CKinVeRse - Winner!

  • Race: Zerg Zerg
  • League: Master
  • Spawn Location: 11:00

神德李耳

  • Race: Zerg Zerg
  • League: Master
  • Spawn Location: 5:00

VOD

Have the link to the VOD?

Description

Time

  • Played on: April 7, 2018, 3:48 a.m.
  • Length: 6:06
Show
View Real Time Build Order
Export as new Build Order

CKinVeRse Zerg - Winner!

Build Orders: Hatch First 

Get SALT Encoding   

  12  0:01  Drone  
  13  0:13  Overlord  
  13  0:18  Drone  
  14  0:32  Drone x2  
  16  0:36  Drone  
  17  0:52  Hatchery  
  17  0:56  Drone  
  17  0:58  Drone  
  18  1:11  Extractor  
  17  1:14  Spawning Pool  
  17  1:17  Drone  
  17  1:20  Drone  
  18  1:29  Drone  
  19  1:40  Overlord  
  19  1:51  Drone  
  20  2:01  Queen  
  22  2:02  Zergling x2  
  22  2:05  Queen  
  22  2:06  Drone  
  26  2:11  Drone  
  27  2:17  Drone  
  28  2:23  Drone  
  28  2:28  Drone  
  30  2:34  Drone  
  31  2:37  Lair  
  31  2:41  Drone, Queen  
  34  2:46  Drone  
  35  2:51  Roach Warren  
  35  2:55  Drone, Evolution Chamber  
  34  3:06  Overlord  
  34  3:08  Drone x2  
  34  3:09  Extractor  
  36  3:12  Drone  
  36  3:26  Overlord  
  36  3:28  Drone x4  
  36  3:29  Zerg Missile Weapons Level 1  
  39  3:36  Extractor, Drone x2  
  40  3:41  Drone  
  40  3:43  Glial Reconstitution  
  41  3:49  Overlord  
  41  3:52  Roach x2  
  45  3:59  Roach x3  
  51  4:20  Roach x4  
  51  4:23  Overlord  
  59  4:24  Overlord  
  59  4:41  Overlord  
  59  4:42  Overlord  
  59  4:43  Roach x5  
  69  4:48  Roach x2  
  73  4:55  Roach  
  75  5:02  Roach x3  
  81  5:12  Roach x3  
  87  5:21  Roach  
  87  5:22  Roach  
Show
View Real Time Build Order
Export as new Build Order

神德李耳 Zerg 

Build Orders: Hatch First 

Get SALT Encoding   

  12  0:03  Drone  
  13  0:08  Drone  
  14  0:15  Extractor  
  14  0:16  Drone  
  15  0:22  Overlord  
  15  0:41  Drone x2  
  17  0:58  Hatchery  
  17  1:02  Drone  
  17  1:11  Drone  
  17  1:12  Drone  
  17  1:14  Extractor  
  18  1:23  Spawning Pool  
  17  1:25  Drone  
  17  1:32  Drone  
  17  1:39  Drone  
  19  1:55  Overlord  
  19  2:01  Drone  
  20  2:11  Drone, Queen x2  
  25  2:18  Drone  
  25  2:19  Metabolic Boost  
  25  2:22  Zergling x2  
  27  2:26  Drone  
  28  2:33  Drone  
  29  2:45  Drone x3  
  32  3:01  Roach Warren, Drone x2  
  33  3:08  Overlord  
  33  3:20  Overlord  
  33  3:21  Hatchery  
  33  3:26  Drone x2  
  33  3:27  Overlord  
  33  3:30  Drone x3  
  36  3:36  Overlord  
  36  3:39  Drone  
  36  3:40  Drone x2  
  39  3:51  Lair  
  39  3:56  Extractor  
  39  3:57  Drone x2  
  39  4:00  Extractor  
  39  4:01  Drone x2  
  41  4:03  Evolution Chamber  
  41  4:09  Drone x4  
  44  4:20  Extractor, Roach x2  
  44  4:22  Drone x2  
  49  4:27  Spore Crawler  
  49  4:29  Spore Crawler  
  47  4:31  Queen  
  47  4:33  Drone x3  
  52  4:38  Overlord  
  52  4:42  Roach  
  52  4:43  Queen  
  56  4:46  Roach  
  58  4:53  Roach  
  58  4:56  Drone x4  
  64  5:01  Roach  
  64  5:03  Drone x2  
  68  5:12  Overlord, Roach  
  70  5:18  Drone x2  
  70  5:19  Roach  
  74  5:26  Hydralisk Den  
  73  5:29  Overseer  
  73  5:31  Roach  
  73  5:32  Roach x2  
  75  5:37  Roach x2  
  75  5:39  Roach  
  71  5:44  Roach x2  
Tags
 
Add a new tag
Caveats
  • Supply blocks, unpowered buildings, or Contaminate may cause inaccurate times.
  • Supply counts are checked every 10 seconds.